 Dungeon Crawl Stone Soup version 0.22-a0-292-g0df9d5f (webtiles) character file.

103 Mgcat the Insei (level 4, -3/37 HPs)
             Began as a Demigod Transmuter on Mar 23, 2018.
             Killed from afar by an orc wizard (8 damage)
             ... with a magic dart
             ... on level 2 of the Dungeon.
             The game lasted 00:05:54 (1798 turns).

Mgcat the Insei (Demigod Transmuter)                Turns: 1798, Time: 00:05:55

Health: -3/37      AC:  2    Str: 13    XL:     4   Next: 27%
Magic:  5/9        EV: 12    Int: 19    God:
Gold:   103        SH:  0    Dex: 16    Spells: 0/6 levels left

rFire    . . .     SeeInvis .     - Unarmed
rCold    . . .     Gourm    .   (no shield)
rNeg     . . .     Faith    .   b - +0 robe
rPois    .         Spirit   .   (no helmet)
rElec    .         Reflect  .   (no cloak)
rCorr    .         Harm     .   (no gloves)
MR       .....                  (boots currently unavailable)
Stlth    +.........             (no amulet)
HPRegen  0.12/turn              (no ring)
MPRegen  0.11/turn              (no ring)

@: appendage, hasted, very quick
A: talons 3, high mp 1
a: End Transformation


You were on level 2 of the Dungeon.
You were hungry.
You had grown temporary talons.
You visited 1 branch of the dungeon, and saw 3 of its levels.

You collected 103 gold pieces.

Inventory:

Missiles
 a - 9 arrows
Armour
 b - a +0 robe (worn)
Scrolls
 e - a scroll of teleportation {unknown}
 h - a scroll of blinking {unknown}
 i - a scroll of enchant weapon
 j - 2 scrolls of immolation {unknown}
Potions
 g - a potion of agility {unknown}
 k - a potion of heal wounds {unknown}
 m - a potion of mutation {unknown}
Comestibles
 d - 6 rations


   Skills:
 + Level 2.5 Fighting
 - Level 1.8 Dodging
 + Level 3.9 Unarmed Combat
 - Level 1.9 Spellcasting
 - Level 2.0 Transmutations


You couldn't memorise any spells.
You knew the following spells:

 Your Spells              Type           Power        Failure   Level  Hunger
a - Beastly Appendage     Tmut           #.....       8%          1    #......
b - Sticks to Snakes      Tmut           #.......     11%         2    ###....
c - Spider Form           Tmut/Pois      #.........   34%         3    ###....


Dungeon Overview and Level Annotations

Branches:
Dungeon (3/15)

Annotations:
D:2 1 exclusion


Innate Abilities, Weirdness & Mutations

You have an increased reservoir of magic. (+10% MP)
You have claws for feet.


Message History

You climb upwards.
Level annotation: 1 exclusion
There is a stone staircase leading down here.
You climb downwards.
An orc comes into view. It is wielding a flail.
The orc shouts!
An orc comes into view.
There is a stone staircase leading up here.
Casting: Beastly Appendage (safe; 8% risk of failure)
Confirm with . or Enter, or press ? or * to list all spells.
You grow a pair of large bovine horns.
The orc hits you. The orc closely misses you.
You hit the orc but do no damage. You headbutt the orc.
The orc is heavily wounded.
The orc wizard casts a spell at you. The puff of frost misses you.
The orc misses you.
You hit the orc but do no damage.
The orc is heavily wounded.
The orc barely misses you.
Your transformation is almost over.
The orc wizard closely misses you. The orc completely misses you.
The orc barely misses you.
You climb upwards.
Level annotation: 1 exclusion
There is a stone staircase leading down here.
You hit the orc wizard. Your punch misses the orc wizard.
The orc wizard is moderately wounded.
The orc wizard hits you with a dagger. The orc hits you but does no damage.
The orc hits you.
You closely miss the orc wizard.
The orc wizard is moderately wounded.
The orc wizard barely misses you. The orc closely misses you.
The orc hits you but does no damage.
You hit the orc wizard but do no damage.
Your headbutt misses the orc wizard.
The orc wizard is moderately wounded.
The orc wizard casts a spell at you. The magic dart hits you! The orc hits you.
The orc hits you with a dagger.
You are feeling hungry.
You closely miss the orc wizard.
The orc wizard is moderately wounded.
The orc wizard hits you with a dagger. The orc barely misses you. x2
You hit the orc wizard but do no damage.
The orc wizard is moderately wounded.
The orc wizard barely misses you. The orc barely misses you.
The orc closely misses you.
You hit the orc wizard.
The orc wizard is moderately wounded.
The orc wizard closely misses you. The orc closely misses you.
The orc hits you.
Casting: Beastly Appendage (safe; 8% risk of failure)
Confirm with . or Enter, or press ? or * to list all spells.
You create a snake!
You now have 10 arrows.
The orc wizard hits you with a dagger. The orc barely misses you.
The orc hits you but does no damage.
Your horns disappear.
Your adder bites the orc wizard but does no damage.
The orc wizard closely misses you. The orc closely misses you.
The orc barely misses you.
You hit the orc wizard but do no damage.
The orc wizard is moderately wounded.
Your adder closely misses the orc wizard.
The orc wizard casts a spell.
The orc wizard seems to speed up.
You closely miss the orc wizard.
The orc wizard is moderately wounded.
The orc closely misses you. The orc barely misses you.
Your adder bites the orc wizard.
You closely miss the orc.
The orc is heavily wounded.
Your adder bites the orc wizard.
The orc hits you but does no damage. The orc barely misses you.
The orc wizard gestures at your adder while chanting.
The puff of frost hits your adder.
Casting: Sticks to Snakes (safe; 11% risk of failure)
Confirm with . or Enter, or press ? or * to list all spells.
Your feet morph into talons.
The orc wizard hits your adder with a dagger.
Your adder dies!
The orc hits you with a dagger. The orc hits you.
* * * LOW HITPOINT WARNING * * *
The orc wizard points at you and mumbles some strange words.
The magic dart hits you!
* * * LOW HITPOINT WARNING * * *
The orc barely misses you. The orc misses you.
You feel better. The orc wizard hits you with a dagger.
* * * LOW HITPOINT WARNING * * *
The orc hits you.
* * * LOW HITPOINT WARNING * * *
The orc closely misses you.
The orc wizard hits you but does no damage.
You feel yourself speed up. The orc wizard hits you with a dagger.
* * * LOW HITPOINT WARNING * * *
The orc closely misses you. The orc hits you but does no damage.
Casting: Beastly Appendage (safe; 8% risk of failure)
Confirm with . or Enter, or press ? or * to list all spells.
You create a snake!
You now have 9 arrows.
The orc wizard points at you and mumbles some strange words.
The magic dart hits you!
You die...

.##+###.########....# #..#
.†......# ###....# ##.##
.<..##########......####..#######
..........(..................<...
...[##....########............###
....(.........................#
.......#######S♣#♣.♣.♣.♣.♣....#
.....#..## ##.ooo.........(..#
...#)#...####..♣@♣.♣.♣.♣.♣....#
###....#.##.[.####.#...########
#..#.##..♣.♣## #..#..#######
##.##...♣.....♣##<....#.....##
...##..#.....)(#.............##
.......♣..♣.♣(.♣..............♣♣♣
..##...#........................♣
.....#.♣..♣.♣..♣.........)....♣.♣
.#####........................♣.P


You could see an orc wizard, 2 orcs and a friendly ball python.

Vanquished Creatures
  Natasha (twice) (D:2)
  An adder (D:2)
  2 oozes
  2 dart slugs (D:2)
  A ball python (D:1)
  6 bats
  3 giant cockroaches
  5 goblins
  5 hobgoblins
  4 kobolds
  A quokka (D:2)
  3 frilled lizards
  7 rats (D:1)
42 creatures vanquished.

Notes
Turn   | Place    | Note
-------+----------+-------------------------------------------
     0 | D:1      | Mgcat the Demigod Transmuter began the quest for the Orb.
     0 | D:1      | Reached XP level 1. HP: 15/15 MP: 5/5
    56 | D:1      | Reached skill level 3 in Unarmed Combat
    56 | D:1      | Reached skill level 2 in Transmutations
    56 | D:1      | Reached XP level 2. HP: 7/22 MP: 5/7
    82 | D:1      | HP: 1/22 [frilled lizard (1)]
   351 | D:1      | Reached skill level 1 in Fighting
   355 | D:1      | Learned a level 2 spell: Sticks to Snakes
  1028 | D:2      | Reached XP level 3. HP: 22/28 MP: 6/8
  1166 | D:2      | Noticed Natasha
  1242 | D:2      | Killed Natasha
  1242 | D:2      | Reached skill level 2 in Fighting
  1246 | D:2      | Noticed Natasha
  1246 | D:2      | HP: 7/29 [Natasha/magic dart (4)]
  1249 | D:2      | HP: 3/29 [Natasha (5)]
  1253 | D:2      | Killed Natasha
  1253 | D:2      | Reached XP level 4. HP: 4/37 MP: 7/9
  1747 | D:2      | Learned a level 3 spell: Spider Form
  1794 | D:2      | HP: 9/37 [orc (3)]
  1795 | D:2      | HP: 3/37 [orc wizard/magic dart (6)]
  1798 | D:2      | Killed from afar by an orc wizard

Vault maps used:
D:1:      dpeg_arrival_pits
D:2:      serial_forest, infiniplex_forest_end_3, infiniplex_forest_lined_3,
          infiniplex_forest_lined_ring, infiniplex_forest_lined_2,
          infiniplex_forest_zigzag_2, infiniplex_forest_straight_2,
          first_ration, minmay_liquid_box, uniq_natasha
D:3:      chequers_ecumenical_altar_simple

Skill      XL: |  1  2  3 |
---------------+----------+-----
Unarmed Combat | 3 |  3.9
Transmutations | 2 |  2.0
Fighting       | 1 2 |  2.5
Dodging        | |  1.8
Spellcasting   | |  1.9

Action                   |  1- 3 |  4- 6 || total
-------------------------+-------+-------++-------
Melee: Unarmed           |   108 |    43 ||   151
       Headbutt          |    15 |     3 ||    18
       Kick              |     9 |     8 ||    17
       Punch             |     1 |     1 ||     2
 Cast: Beastly Appendage |    25 |     6 ||    31
       Sticks to Snakes  |     1 |     2 ||     3
  Use: Scroll            |       |     3 ||     3
       Potion            |       |     2 ||     2
 Stab: Sleeping          |     2 |       ||     2
  Eat: Chunk             |     2 |     1 ||     3
Armor: Robe              |    18 |     3 ||    21
Dodge: Dodged            |    68 |    34 ||   102

Table legend:
 A = Spawn XP
 B = Non-spawn XP
 C = Spawn XP percentage of total XP
 D = Spawn monster count
 E = Non-spawn monster count
 F = Spawn count percentage of total count
 G = Total turns spent on level
                    A         B        C        D         E        F      G
               +---------+---------+-------+---------+---------+-------+---------
         Total |       0 |     148 |   0.0 |       0 |      42 |   0.0 |  1798
               +---------+---------+-------+---------+---------+-------+---------
           D:1 |       0 |      35 |   0.0 |       0 |      20 |   0.0 |   886
           D:2 |       0 |     113 |   0.0 |       0 |      22 |   0.0 |   904
               +---------+---------+-------+---------+---------+-------+---------

Vault maps used:
D:1:      dpeg_arrival_pits
D:2:      serial_forest, infiniplex_forest_end_3, infiniplex_forest_lined_3,
          infiniplex_forest_lined_ring, infiniplex_forest_lined_2,
          infiniplex_forest_zigzag_2, infiniplex_forest_straight_2,
          first_ration, minmay_liquid_box, uniq_natasha
D:3:      chequers_ecumenical_altar_simple

Table legend:
 A = Turns spent in this place as a percentage of turns spent in the entire game.
 B = Non-inter-level travel turns spent in this place as a percentage of non-inter-level travel turns spent in the entire game.
 C = Inter-level travel turns spent in this place as a percentage of turns spent in this place.
 D = Turns resting spent in this place as a percentage of non-inter-level travel turns spent in this place.
 E = Turns spent auto-exploring this place as a percentage of non-inter-level travel turns spent in this place.
 F = Non-inter-level travel turns spent in this place divided by the number of levels of this place that you've seen.
                   A       B       C       D       E      F
               +-------+-------+-------+-------+-------+----------------------
         Total | 100.0 | 100.0 |   2.9 |   0.1 |  77.5 | 582.0
       Dungeon | 100.0 | 100.0 |   2.9 |   0.1 |  77.5 | 582.0
               +-------+-------+-------+-------+-------+----------------------

Table legend:
 A = Kills in this place as a percentage of kills in entire the game.
 B = Kills by you in this place as a percentage of kills by you in the entire game.
 C = Kills by friends in this place as a percentage of kills by friends in the entire game.
 D = Other kills in this place as a percentage of other kills in the entire game.
 E = Experience gained in this place as a percentage of experience gained in the entire game.
 F = Experience gained in this place divided by the number of levels of this place that you have seen.
                   A       B       C       D       E      F
               +-------+-------+-------+-------+-------+----------------------
         Total | 100.0 | 100.0 |   N/A |   N/A | 100.0 |  49.3
       Dungeon | 100.0 | 100.0 |   N/A |   N/A | 100.0 |  49.3
               +-------+-------+-------+-------+-------+----------------------
